Map: Cactus Valley LE (Void)

Players

Flick

  • Race: Protoss Protoss
  • League: Grandmaster
  • Spawn Location: 5:00

FLORENCIO - Winner!

  • Race: Protoss Protoss
  • League: Master
  • Spawn Location: 7:00

VOD

Have the link to the VOD?

Description

Time

  • Played on: Feb. 26, 2017, 10:01 p.m.
  • Length: 13:07
Show
View Real Time Build Order
Export as new Build Order

Flick Protoss 

Build Orders:  

Get SALT Encoding   

  12  0:01  Probe (Chrono Boost)  
  13  0:11  Probe (Chrono Boost)  
  14  0:19  Pylon  
  14  0:24  Probe (Chrono Boost)  
  15  0:37  Probe (Chrono Boost)  
  16  0:43  Assimilator  
  17  0:50  Probe (Chrono Boost)  
  17  0:54  Gateway  
  17  1:09  Probe (Chrono Boost)  
  18  1:13  Assimilator  
  18  1:19  Assimilator  
  18  1:20  Probe (Chrono Boost)  
  19  1:30  Probe (Chrono Boost)  
  19  1:41  Zealot  
  19  1:45  Probe (Chrono Boost)  
  21  1:49  Cybernetics Core  
  22  2:09  Probe (Chrono Boost)  
  22  2:19  Probe (Chrono Boost)  
  23  2:29  Pylon  
  22  2:38  Probe (Chrono Boost)  
  26  2:59  Mothership Core (Chrono Boost)  
  27  3:08  Warp Gate  
  25  3:14  Nexus  
  25  3:18  Probe (Chrono Boost)  
  26  3:28  Probe (Chrono Boost)  
  27  3:35  Pylon  
  27  3:37  Stalker  
  27  3:39  Probe (Chrono Boost)  
  30  3:54  Stargate  
  31  3:55  Probe (Chrono Boost)  
  31  4:10  Probe (Chrono Boost)  
  32  4:25  Nexus  
  32  4:27  Probe (Chrono Boost)  
  33  4:33  Probe (Chrono Boost)  
  33  4:37  Probe (Chrono Boost)  
  35  4:43  Probe (Chrono Boost)  
  36  4:48  Probe (Chrono Boost)  
  37  4:53  Assimilator  
  37  4:54  Probe (Chrono Boost)  
  37  4:58  Phoenix  
  40  5:03  Probe (Chrono Boost)  
  41  5:07  Probe (Chrono Boost)  
  41  5:13  Probe (Chrono Boost)  
  43  5:18  Probe (Chrono Boost)  
  43  5:19  Robotics Facility  
  44  5:25  Stalker  
  46  5:32  Probe x2 (Chrono Boost)  
  48  5:40  Probe (Chrono Boost)  
  51  5:42  Probe (Chrono Boost)  
  51  5:43  Probe (Chrono Boost)  
  51  5:45  Stargate  
  51  5:49  Phoenix  
  53  5:53  Probe x2 (Chrono Boost)  
  56  5:57  Probe (Chrono Boost)  
  56  6:03  Probe (Chrono Boost)  
  57  6:04  Pylon, Probe (Chrono Boost)  
  58  6:19  Probe x3 (Chrono Boost)  
  58  6:24  Pylon  
  58  6:25  Stalker  
  63  6:30  Probe x2 (Chrono Boost)  
  63  6:32  Phoenix x2  
  65  6:33  Probe (Chrono Boost)  
  65  6:39  Stargate  
  66  6:41  Assimilator  
  64  6:49  Pylon  
  64  6:50  Pylon  
  64  6:53  Stargate  
  64  6:54  Phoenix  
  64  6:59  Observer  
  67  7:01  Phoenix  
  68  7:17  Nexus  
  68  7:19  Phoenix  
  68  7:21  Pylon  
  70  7:30  Pylon  
  70  7:33  Protoss Air Weapons Level 1  
  70  7:36  Pylon  
  70  7:39  Pylon, Observer, Phoenix, Probe (Chrono Boost)  
  70  7:43  Probe (Chrono Boost)  
  75  7:45  Phoenix  
  75  7:46  Phoenix  
  75  7:50  Probe (Chrono Boost)  
  80  7:55  Phoenix  
  82  8:13  Phoenix  
  84  8:20  Phoenix  
  84  8:22  Nexus  
  84  8:26  Assimilator, Stalker  
  88  8:28  Phoenix  
  88  8:31  Assimilator  
  90  8:36  Probe (Chrono Boost)  
  91  8:45  Observer, Probe (Chrono Boost)  
  91  8:46  Probe (Chrono Boost)  
  94  8:57  Nexus  
  94  9:00  Pylon  
  94  9:20  Probe (Chrono Boost)  
  101  9:25  Probe (Chrono Boost)  
  101  9:26  Forge  
  102  9:35  Probe (Chrono Boost)  
  104  9:44  Stargate  
  102  9:46  Stargate  
  100  10:05  Pylon  
  100  10:06  Stargate  
  100  10:08  Pylon, Phoenix x2  
  100  10:09  Pylon, Phoenix  
  100  10:10  Pylon x2  
  100  10:12  Gateway x2  
  100  10:24  Probe (Chrono Boost)  
  100  10:26  Probe x2 (Chrono Boost)  
  103  10:34  Nexus, Probe (Chrono Boost)  
  104  10:37  Probe (Chrono Boost)  
  103  10:58  Mothership Core (Chrono Boost)  
  103  11:00  Phoenix  
  103  11:01  Phoenix x2  
  96  11:25  Phoenix  
  96  11:27  Assimilator  
  96  11:31  Assimilator  
  98  11:40  Phoenix x2  
  102  11:48  Probe (Chrono Boost)  
  102  11:50  Probe (Chrono Boost)  
  104  11:59  Probe (Chrono Boost)  
  104  12:00  Nexus  
  105  12:01  Phoenix  
  105  12:02  Pylon  
  107  12:09  Probe (Chrono Boost)  
  107  12:11  Phoenix  
  110  12:17  Phoenix  
  88  12:38  Phoenix  
Show
View Real Time Build Order
Export as new Build Order

FLORENCIO Protoss - Winner!

Build Orders:  

Get SALT Encoding   

  12  0:00  Probe (Chrono Boost)  
  13  0:11  Probe (Chrono Boost)  
  14  0:27  Pylon  
  14  0:28  Probe (Chrono Boost)  
  15  0:45  Probe (Chrono Boost)  
  15  0:47  Assimilator  
  16  0:58  Probe (Chrono Boost)  
  17  1:07  Forge  
  17  1:15  Pylon  
  17  1:17  Probe (Chrono Boost)  
  18  1:28  Probe (Chrono Boost)  
  18  1:52  Gateway  
  18  1:53  Nexus  
  18  1:58  Photon Cannon  
  18  2:01  Probe (Chrono Boost)  
  19  2:11  Pylon  
  19  2:13  Probe (Chrono Boost)  
  20  2:24  Probe (Chrono Boost)  
  20  2:28  Pylon  
  21  2:34  Probe (Chrono Boost)  
  22  2:45  Probe (Chrono Boost)  
  22  2:49  Photon Cannon  
  23  2:55  Probe (Chrono Boost)  
  24  2:59  Gateway  
  23  3:06  Cybernetics Core  
  23  3:09  Probe (Chrono Boost)  
  23  3:12  Probe (Chrono Boost)  
  25  3:19  Probe (Chrono Boost)  
  26  3:22  Probe (Chrono Boost)  
  27  3:30  Probe (Chrono Boost)  
  28  3:40  Photon Cannon  
  28  3:43  Stalker  
  28  3:44  Pylon  
  28  3:46  Probe (Chrono Boost)  
  31  3:49  Assimilator  
  31  3:53  Assimilator  
  31  3:56  Probe (Chrono Boost)  
  31  4:01  Assimilator  
  32  4:07  Mothership Core (Chrono Boost)  
  32  4:09  Stargate  
  33  4:33  Stargate  
  33  4:40  Photon Cannon  
  33  4:41  Pylon  
  34  4:45  Probe (Chrono Boost)  
  34  4:46  Probe (Chrono Boost)  
  35  4:56  Probe x2 (Chrono Boost)  
  37  5:00  Void Ray  
  37  5:04  Pylon  
  42  5:08  Probe (Chrono Boost)  
  42  5:13  Probe (Chrono Boost)  
  43  5:18  Void Ray  
  45  5:43  Pylon  
  45  5:44  Void Ray  
  49  5:52  Probe (Chrono Boost)  
  49  5:55  Probe (Chrono Boost)  
  51  6:05  Photon Cannon, Probe (Chrono Boost)  
  51  6:06  Photon Cannon  
  52  6:16  Pylon  
  52  6:17  Photon Cannon  
  52  6:26  Photon Cannon  
  52  6:44  Void Ray  
  52  6:50  Void Ray  
  60  6:55  Stargate  
  60  6:56  Pylon, Probe x2 (Chrono Boost)  
  60  6:59  Pylon  
  62  7:12  Probe (Chrono Boost)  
  63  7:20  Pylon  
  64  7:23  Probe (Chrono Boost)  
  64  7:24  Nexus  
  64  7:25  Void Ray  
  68  7:41  Void Ray  
  72  7:48  Probe (Chrono Boost)  
  77  8:19  Pylon  
  77  8:20  Phoenix  
  77  8:23  Phoenix  
  77  8:24  Void Ray  
  81  8:28  Stargate  
  81  8:30  Stargate  
  81  8:36  Probe (Chrono Boost)  
  81  8:46  Phoenix, Probe (Chrono Boost)  
  81  8:47  Probe (Chrono Boost)  
  83  8:49  Phoenix  
  87  8:57  Probe (Chrono Boost)  
  87  8:58  Assimilator  
  87  8:59  Probe (Chrono Boost)  
  89  9:03  Assimilator  
  89  9:07  Phoenix x2  
  89  9:11  Probe (Chrono Boost)  
  89  9:14  Phoenix  
  88  9:18  Probe (Chrono Boost)  
  89  9:25  Probe (Chrono Boost)  
  89  9:26  Probe (Chrono Boost)  
  92  9:38  Probe (Chrono Boost)  
  92  10:04  Probe (Chrono Boost)  
  92  10:05  Probe (Chrono Boost)  
  92  10:06  Probe (Chrono Boost)  
  95  10:07  Phoenix  
  95  10:08  Pylon, Photon Cannon  
  95  10:09  Photon Cannon  
  95  10:11  Phoenix x3  
  95  10:12  Photon Cannon  
  103  10:16  Photon Cannon  
  103  10:18  Probe (Chrono Boost)  
  97  10:31  Pylon  
  97  10:32  Probe (Chrono Boost)  
  97  10:34  Probe (Chrono Boost)  
  98  10:40  Phoenix  
  98  10:42  Probe (Chrono Boost)  
  101  10:46  Probe (Chrono Boost)  
  102  10:53  Probe (Chrono Boost)  
  103  10:59  Probe (Chrono Boost)  
  104  11:11  Probe (Chrono Boost)  
  105  11:13  Phoenix  
  105  11:16  Phoenix  
  105  11:17  Phoenix x3  
  115  11:57  Photon Cannon  
  115  11:59  Pylon, Phoenix  
  115  12:02  Phoenix  
  115  12:03  Phoenix  
  121  12:09  Probe (Chrono Boost)  
  121  12:14  Phoenix  
  124  12:20  Probe (Chrono Boost)  
  121  12:30  Probe (Chrono Boost)  
  110  12:41  Probe (Chrono Boost)  
Tags
 
Add a new tag
Caveats
  • Supply blocks, unpowered buildings, or Contaminate may cause inaccurate times.
  • Supply counts are checked every 10 seconds.